 Dungeon Crawl Stone Soup version 0.29.0-11-gd7f09526c8 (webtiles) character file.

Game seed: 3817609485209424009

1320 keekatzer the Ruffian (level 8, -1/78 HPs)
             Began as a Troll Transmuter on Sept 6, 2022.
             Succumbed to a gnoll sergeant's poison
             ... on level 6 of the Dungeon.
             The game lasted 00:16:05 (3161 turns).

keekatzer the Ruffian (Troll Transmuter)            Turns: 3161, Time: 00:16:05

Health: -1/78      AC:  5    Str: 19    XL:     8   Next: 33%
Magic:  9/11       EV: 10    Int:  9    God:
Gold:   376        SH:  0    Dex: 12    Spells: 5/12 levels left

rFire   . . .      SeeInvis .     - Unarmed
rCold   . . .      Faith    .   (no shield)
rNeg    . . .      Spirit   .   A - +0 robe
rPois   .          Reflect  .   (helmet currently unavailable)
rElec   .          Harm     .   k - +0 cloak
rCorr   .          Rampage  .   (gloves unavailable)
Will    .....                   (boots unavailable)
Stlth   +.........              i - amulet of regeneration
HPRegen 1.83/turn               (no ring)
MPRegen 0.12/turn               (no ring)

@: mighty, lethally poisoned (-1 -> -29), appendages (expiring), wereblooded,
hasted, very quick
A: horns 2, talons 2, large, unfitting armour, claws 3, regeneration 1, shaggy
fur 1, tough skin 1
a: End Transformation


You were on level 6 of the Dungeon.
You had temporarily grown beastly horns and talons.
You visited 1 branch of the dungeon, and saw 6 of its levels.

You collected 376 gold pieces.

Inventory:

Hand Weapons
 j - a +3 quarterstaff of chaos
Missiles
 t - a throwing net
Armour
 k - a +0 cloak (worn)
 A - a +0 robe (worn)
Jewellery
 i - an amulet of regeneration (around neck)
 p - an amulet of reflection
 C - an amulet of guardian spirit
Wands
 s - a wand of acid (9)
Scrolls
 a - 2 scrolls of teleportation {unknown}
 d - 2 scrolls of amnesia {unknown}
 e - 2 scrolls of vulnerability {unknown}
 f - a scroll of noise {unknown}
 m - 4 scrolls of identify {unknown}
 q - 2 scrolls of magic mapping {unknown}
 w - a scroll of immolation {unknown}
 x - a scroll of acquirement {unknown}
 y - a scroll of fear {unknown}
 z - a scroll of enchant armour {unknown}
 B - a scroll of poison {unknown}
 D - a scroll of torment {unknown}
Potions
 b - 2 potions of lignification
 c - 3 potions of haste
 g - 3 potions of might
 h - 2 potions of curing {unknown}
 l - 2 potions of flight {unknown}
 n - 3 potions of degeneration {unknown}
 o - a potion of resistance {unknown}
 r - 4 potions of heal wounds {unknown}
 u - a potion of magic {unknown}
 v - 3 potions of brilliance {unknown}


   Skills:
 * Level 3.9 Fighting
 + Level 3.6 Dodging
 * Level 5.5 Unarmed Combat
 + Level 2.8 Spellcasting
 + Level 3.3 Transmutations
 * Level 1.9 Ice Magic


You had 5 spell levels left.
You knew the following spells:

 Your Spells              Type           Power      Damage    Failure   Level
a - Beastly Appendage     Tmut           14%        N/A       8%          1
b - Wereblood             Tmut           7%         N/A       12%         2
c - Ice Form              Ice/Tmut       5%         N/A       71%         4

Your spell library contained the following spells:

 Spells                   Type           Power      Damage    Failure   Level
 Magic Dart               Conj           4%         1d3       30%         1
 Necrotise                Necr           4%         1d4       30%         1
 Slow                     Hex            4%         N/A       30%         1
 Summon Small Mammal      Summ           4%         N/A       30%         1
 Searing Ray              Conj           2%         2d4       43%         2
 Spider Form              Tmut/Pois      4%         N/A       43%         3
 Ignite Poison            Fire/Tmut/Pois 3%         N/A       52%         3
 Call Canine Familiar     Summ           1%         N/A       67%         3
 Confusing Touch          Hex            1%         N/A       67%         3
 Mephitic Cloud           Conj/Pois/Air  1%         N/A       67%         3
 Summon Guardian Golem    Hex/Summ       1%         N/A       67%         3
 Vampiric Draining        Necr           1%         2d6       67%         3
 Fulminant Prism          Conj/Hex       0%         3d6       97%         4
 Agony                    Necr           1%         N/A       100%        5
 Freezing Cloud           Conj/Ice/Air   1%         6-21      100%        5


Dungeon Overview and Level Annotations

Branches:
Dungeon (6/15)
 Temple: D:4-7

Altars:
Dithmenos
Kikubaaqudgha
Trog


Innate Abilities, Weirdness & Mutations

You have temporarily grown beastly horns and talons.
You are too large for most types of armour.
You have claws for hands.
Your natural rate of healing is unusually fast.
You are covered in fur. (AC +1)
You have tough skin. (AC +1)


Message History

Casting: Beastly Appendage (safe; 8% risk of failure)
Confirm with . or Enter, or press ? or * to list all spells.
Your blood is infused with primal strength.
The gnoll sergeant hits you but does no damage.
You are poisoned.
You feel very sick.
The gnoll sergeant hits you with a +2 spear of venom!
You are more poisoned.
You scratch the gnoll sergeant but do no damage.
You claw the gnoll sergeant, but do no damage.
You feel very sick.
The gnoll sergeant hits you but does no damage.
You are more poisoned.
You barely miss the gnoll sergeant.
You claw the gnoll sergeant, but do no damage.
You feel extremely sick.
The gnoll sergeant hits you with a +2 spear of venom!
You are more poisoned.
You scratch the gnoll sergeant.
You headbutt the gnoll sergeant, but do no damage.
The gnoll sergeant is lightly wounded.
You feel extremely sick.
You barely miss the gnoll sergeant. You claw the gnoll sergeant.
The gnoll sergeant is lightly wounded.
You feel extremely sick.
The gnoll sergeant hits you with a +2 spear of venom!
You are lethally poisoned!
It was a potion of haste.
You feel yourself speed up.
Your transformation is almost over.
* * * LOW HITPOINT WARNING * * *
You feel extremely sick. The gnoll sergeant barely misses you.
* * * LOW HITPOINT WARNING * * *
You feel very sick.
The gnoll sergeant hits you from afar with a +2 spear of venom!
* * * LOW HITPOINT WARNING * * *
You are more poisoned.
It was a potion of might.
You feel very mighty all of a sudden.
You die...

#### ###...### ##.
g....## #..
###g..##
..##$##...#
###....##@..#
#.######...##..
###.....(...##..
#)........###.. #
#.#....####...##h.
##.#####........#
#.......####...##(
#.#........###..
#.##.........##..
#.#


You could see a gnoll sergeant.

Vanquished Creatures
  Sigmund (D:3)
  Menkaure (D:4)
  Duvessa (D:4)
  A black bear (D:5)
  An ice beast (D:6)
  An ogre (D:4)
  A centaur (D:5)
  A scorpion (D:6)
  Dowan (D:4)
  A jelly (D:5)
  3 hounds (D:5)
  2 orc priests (D:5)
  Crazy Yiuf (D:2)
  3 iguanas (D:5)
  2 orc wizards (D:5)
  3 gnolls (D:3)
  6 adders
  A white imp (D:5)
  2 worms (D:2)
  A dart slug (D:2)
  11 orcs
  4 ball pythons
  5 bats
  3 endoplasms
  5 giant cockroaches
  9 hobgoblins
  7 quokkas
  A frilled lizard (D:1)
  3 kobolds
  3 rats
85 creatures vanquished.

Notes
Turn   | Place    | Note
-------+----------+-------------------------------------------
     0 | D:1      | keekatzer the Troll Transmuter began the quest for the Orb.
     0 | D:1      | Reached XP level 1. HP: 18/18 MP: 1/1
   175 | D:1      | Reached skill level 1 in Fighting
   197 | D:1      | Reached XP level 2. HP: 27/27 MP: 3/3
   341 | D:1      | Learned a level 2 spell: Wereblood
   584 | D:2      | Reached XP level 3. HP: 33/33 MP: 4/4
   616 | D:2      | Found a runed translucent door.
   617 | D:2      | Noticed Crazy Yiuf
   624 | D:2      | Killed Crazy Yiuf
   703 | D:2      | Found a faded altar of an unknown god.
   788 | D:2      | Reached XP level 4. HP: 41/41 MP: 5/5
  1028 | D:3      | Found a shadowy altar of Dithmenos.
  1343 | D:3      | Noticed Sigmund
  1389 | D:3      | Killed Sigmund
  1390 | D:3      | Reached skill level 4 in Unarmed Combat
  1390 | D:3      | Reached XP level 5. HP: 24/49 MP: 5/7
  1441 | D:3      | Reached XP level 6. HP: 53/57 MP: 6/8
  1832 | D:4      | Noticed Menkaure
  1838 | D:4      | Killed Menkaure
  1912 | D:4      | Learned a level 4 spell: Ice Form
  1978 | D:4      | Found a bloodstained altar of Trog.
  1980 | D:4      | Noticed Dowan
  1995 | D:4      | Reached XP level 7. HP: 50/66 MP: 5/9
  2076 | D:4      | Noticed Duvessa
  2088 | D:4      | Killed Duvessa
  2091 | D:4      | Killed Dowan
  2279 | D:4      | Identified the +2 chain mail "Hero's Friend" {rElec Will+
                  | Str+2}
  2385 | D:5      | Entered Level 5 of the Dungeon
  2533 | D:5      | Reached skill level 5 in Unarmed Combat
  2716 | D:5      | Reached skill level 1 in Ice Magic
  2744 | D:5      | Reached XP level 8. HP: 55/75 MP: 8/10
  3042 | D:6      | Found an ancient bone altar of Kikubaaqudgha.
  3161 | D:6      | Succumbed to a gnoll sergeant's poison

Illustrated notes

Levels and vault maps discovered:
D:1:      shiori_shiawase, layout_loops_ring
D:2:      layout_basic, dreamdust_ecumenical_altar_angels_and_demons,
          uniq_crazy_yiuf_cottage
D:3:      layout_loops_ring, mainiacjoe_overflow_cross_hatched, uniq_sigmund
D:4:      layout_basic, bloody_trog, uniq_menkaure, uniq_duvessa
D:5:      layout_basic
D:6:      layout_loops_ring, overflow_temple_1_default, led_xom_imps,
          minmay_puff

Skill      XL: |  1  2  3  4  5  6  7 |
---------------+----------------------+-----
Fighting       | 1 2 3 |  3.9
Dodging        | 2 3 |  3.6
Transmutations | 2 3 |  3.3
Unarmed Combat | 4 5 |  5.5
Spellcasting   | 2 |  2.8
Ice Magic      | 1 |  1.9

Action                   |  1- 3 |  4- 6 |  7- 9 || total
-------------------------+-------+-------+-------++-------
Melee: Unarmed           |    63 |    94 |   112 ||   269
       Punch             |     1 |     2 |     4 ||     7
       Headbutt          |     1 |     2 |    10 ||    13
       Kick              |       |     6 |    15 ||    21
 Cast: Beastly Appendage |     1 |     6 |     7 ||    14
       Wereblood         |     1 |     1 |     4 ||     6
  Use: Potion            |       |       |     2 ||     2
 Stab: Sleeping          |     1 |     1 |     1 ||     3
Armor: Robe              |    24 |    20 |    40 ||    84
Dodge: Dodged            |    39 |    26 |    44 ||   109
